 Dungeon Crawl Stone Soup version 0.27.0-1-g7a089689b8 (webtiles) character file.

Game seed: 421752423841070949

8933 HoaS the Grappler (level 11, -5/94 HPs)
             Began as a Ghoul Gladiator on Aug 15, 2021.
             Was a Priest of Makhleb.
             Slain by a skeletal warrior (24 damage)
             ... on level 9 of the Dungeon.
             The game lasted 00:22:25 (10144 turns).

HoaS the Grappler (Ghoul Gladiator)                Turns: 10144, Time: 00:22:26

Health: -5/94      AC: 20    Str: 26    XL:     11   Next: 38%
Magic:  10/10      EV: 11    Int:  3    God:    Makhleb [***...]
Gold:   452        SH:  5    Dex: 14    Spells: 10/10 levels left

rFire    . . .     SeeInvis .     - Unarmed
rCold    + . .     Faith    .   (no shield)
rNeg     + + +     Spirit   .   G - +7 chain mail of the Big Bang {rN+ Dex+2}
rPois    ∞         Reflect  +   b - +0 helmet
rElec    .         Harm     .   (no cloak)
rCorr    .         Rampage  .   i - +0 pair of gloves
Will     .....                  (no boots)
Stlth    ..........             q - amulet of reflection
HPRegen  0.00/turn              A - +6 ring of strength
MPRegen  0.12/turn              (no ring)

@: marked, inhibited regen, slowed, very slow
A: claws 1, cold resistance 1, negative energy resistance 3, inhibited
regeneration, torment resistance 2
a: Renounce Religion, Minor Destruction, Lesser Servant of Makhleb


You were on level 9 of the Dungeon.
You worshipped Makhleb.
Makhleb was most pleased with you.
You visited 1 branch of the dungeon, and saw 9 of its levels.
You also visited: Ossuary.

You collected 452 gold pieces.

Inventory:

Missiles
 l - 25 poisoned darts
 s - 7 atropa-tipped darts
 u - 8 curare-tipped darts
Armour
 b - a +0 helmet (worn)
 i - a +0 pair of gloves (worn)
 G - the +7 chain mail of the Big Bang (worn) {rN+ Dex+2}
   (You found it on level 8 of the Dungeon)

   Dex:       It affects your dexterity (+2).
   rN:        It protects you from negative energy.
Jewellery
 g - a ring of protection from cold
 n - a ring of protection from cold
 q - an amulet of reflection (around neck)
 r - a ring of fire
 w - a ring of fire
 A - a +6 ring of strength (left hand)
Wands
 d - a wand of flame (35)
 e - a wand of charming (3)
 p - a wand of mindburst (9) (quivered)
 t - a wand of paralysis (14)
 x - a wand of iceblast (18)
 C - a wand of polymorph (10)
Scrolls
 h - 4 scrolls of blinking
 j - a scroll of teleportation
 y - 2 scrolls of summoning
 E - 3 scrolls of magic mapping
 F - a scroll of immolation
Potions
 a - 2 potions of resistance
 c - a potion of heal wounds
 f - 7 potions of curing
 k - 2 potions of flight
 m - a potion of invisibility {unknown}
 o - 2 potions of cancellation {unknown}
 v - a potion of berserk rage {unknown}
 z - 3 potions of ambrosia
 B - 2 potions of haste {unknown}
 D - a potion of attraction {unknown}


   Skills:
 + Level 7.8 Fighting
 - Level 1.7 Throwing
 + Level 7.0 Armour
 + Level 7.0 Dodging
 * Level 13.3 Unarmed Combat


You had 10 spell levels left.
You didn't know any spells.
Your spell library contained the following spells:

 Spells                   Type           Power      Damage    Failure   Level
 Animate Armour           Summ/Erth      0%         N/A       100%        4
 Iron Shot                Conj/Erth      0%         9d1       100%        6
 Blade Hands              Tmut           Unusable   N/A       N/A         5

Dungeon Overview and Level Annotations

Branches:
Dungeon (9/15)             Temple (0/1) D:6         Ossuary (visited)
   Lair: D:8-11         Orc: D:9-12

Altars:
Elyvilon
Makhleb
Okawaru
Vehumet
Zin
The Shining One

Shops:
D:5 !   D:9 [

Annotations:
D:5 2 transporters, Skimidon's ghost, novice OpIE


Innate Abilities, Weirdness & Mutations

You thrive by killing the living.
You are immune to poison.
You have sharp fingernails.
Your flesh is cold resistant. (rC+)
You are immune to negative energy. (rN+++)
You do not regenerate when monsters are visible.
You are immune to unholy pain and torment.


Message History

The wraith drains your vigour!
You feel as though you will be slow longer.
Your Armour skill increases to level 7!
You punch the wraith!
The wraith is heavily damaged.
The wraith hits you but does no damage. The skeletal warrior barely misses you.
The wraith hits you. The wraith drains your vigour!
You feel as though you will be slow longer.
You punch the wraith! x2
You destroy the wraith!
Makhleb accepts your kill.
You feel better.
The skeletal warrior hits you but does no damage.
The wraith hits you but does no damage.
Your Dodging skill increases to level 7!
You hit the wraith.
The wraith is lightly damaged.
The skeletal warrior hits you from afar with a +0 halberd!!
The wraith hits you but does no damage. The wraith barely misses you.
The skeletal warrior hits you from afar with a +0 halberd.
The wraith hits you but does no damage.
The skeletal warrior hits you from afar with a +0 halberd!
The wraith hits you. The wraith drains your vigour!
You feel as though you will be slow longer.
The skeletal warrior closely misses you.
The wraith barely misses you.
The skeletal warrior hits you from afar with a +0 halberd!!
You block the wraith's attack.
The skeletal warrior hits you from afar with a +0 halberd!
* * * LOW HITPOINT WARNING * * *
The skeletal warrior pulls the alarm!
The alarm trap emits a blaring wail!
A sentinel's mark forms upon you. The wraith hits you but does no damage.
The skeletal warrior closely misses you.
The skeletal warrior hits you but does no damage.
The wraith hits you but does no damage.
The skeletal warrior hits you from afar with a +0 halberd!!
You die...

###### #.##
##..###
##.....##
##.......#####
##....⌠.⌠.....#
#......∩.....##
#.....⌠.⌠....#
###..........#
#####..@...#
###.....#
#######.zW.##..#
#..............#
#..##########..#
#.#..##.# .#
...#z#..# #
.....##..##
#....... #.#.


You could see a skeletal warrior and a wraith.

Vanquished Creatures
  A boulder beetle (D:7)
  A centaur warrior (D:8)
  A two-headed ogre (D:7)
  Pikel (D:7)
  Maurice (D:8)
  The ghost of dragonscale333 the Conjurer, a novice OpCj (D:4)
  A hornet (D:5)
  Prince Ribbit (D:6)
  2 vampires (D:9)
  A wyvern (D:9)
  3 wraiths (D:9)
  10 yaks
  Menkaure (D:6)
  2 steam dragons
  An acid dragon (D:9)
  2 water moccasins
  Duvessa (D:6)
  An ice beast (D:4)
  An orc warrior (D:7)
  A black bear (D:5)
  5 ogres
  A phantom (D:5)
  3 centaurs
  Blork the orc (D:5)
  A bullfrog (D:4)
  An elf zombie (Ossuary)
  A gnoll sergeant (D:8)
  Dowan (D:6)
  A water moccasin skeleton (D:5)
  A howler monkey (D:6)
  2 centaur zombies
  A jelly (D:6)
  4 orc priests
  A centaur skeleton (D:6)
  2 hounds
  A water moccasin simulacrum (D:4)
  Ijyb (D:5)
  A human zombie (Ossuary)
  4 iguanas
  A scorpion zombie (D:5)
  5 orc wizards
  2 killer bee zombies (D:6)
  3 hound zombies
  A scorpion simulacrum (D:4)
  4 mummies (Ossuary)
  7 adders
  3 gnolls (D:8)
  A hound simulacrum (D:4)
  2 ufetubi
  An adder skeleton (D:4)
  2 worms
  2 dart slugs (D:3)
  3 adder simulacra (D:4)
  14 orcs
  7 bats
  7 endoplasms
  5 giant cockroaches
  11 goblins
  5 hobgoblins
  5 jackals
  7 quokkas
  8 ball pythons
  6 frilled lizards
  A goblin zombie (Ossuary)
  2 hobgoblin zombies (Ossuary)
  3 kobolds
  A kobold zombie (Ossuary)
  3 orc zombies (Ossuary)
  11 rats
  A rat zombie (Ossuary)
201 creatures vanquished.

Vanquished Creatures (collateral kills)
  An orc (D:8)
1 creature vanquished.

Grand Total: 202 creatures vanquished

Notes
Turn   | Place    | Note
-------+----------+-------------------------------------------
     0 | D:1      | HoaS the Ghoul Gladiator began the quest for the Orb.
     0 | D:1      | Reached XP level 1. HP: 17/17 MP: 0/0
   310 | D:1      | Reached XP level 2. HP: 24/24 MP: 1/1
   380 | D:1      | Reached skill level 4 in Unarmed Combat
   596 | D:1      | Found a faded altar of an unknown god.
  1051 | D:2      | Reached XP level 3. HP: 29/29 MP: 2/2
  1599 | D:2      | Reached skill level 5 in Unarmed Combat
  1965 | D:3      | Reached XP level 4. HP: 35/36 MP: 3/3
  2841 | D:4      | Reached skill level 6 in Unarmed Combat
  2856 | D:4      | Noticed a bullfrog
  2869 | D:4      | Killed a bullfrog
  2870 | D:4      | Reached XP level 5. HP: 24/41 MP: 4/4
  3079 | D:4      | Noticed dragonscale333's ghost (novice OpCj)
  3080 | D:4      | Noticed an ice beast
  3106 | D:4      | Found a runed translucent gate.
  3106 | D:4      | Found a runed translucent gate.
  3106 | D:4      | Found a runed translucent gate.
  3211 | D:4      | Reached skill level 7 in Unarmed Combat
  3236 | D:4      | Reached XP level 6. HP: 43/48 MP: 5/5
  3358 | D:4      | Found a burning altar of Makhleb.
  3361 | D:4      | Identified the +4 whip "Anoro" {flame, +Blink Will++}
  3382 | D:4      | Became a worshipper of Makhleb the Destroyer
  3520 | D:4      | Reached skill level 8 in Unarmed Combat
  3743 | D:4      | Killed dragonscale333's ghost
  3744 | D:4      | Reached skill level 9 in Unarmed Combat
  3744 | D:4      | Reached skill level 1 in Armour
  3744 | D:4      | Reached XP level 7. HP: 44/55 MP: 6/6
  3865 | D:5      | Entered Level 5 of the Dungeon
  3890 | D:5      | Noticed Blork the orc
  3910 | D:5      | Killed Blork the orc
  3933 | D:5      | Reached XP level 8. HP: 55/62 MP: 7/7
  4073 | D:5      | Found Arigair's Distillery.
  4286 | D:5      | Found a transporter.
  4299 | D:5      | Noticed Skimidon's ghost (novice OpIE)
  4300 | D:5      | Found a transporter.
  4303 | D:5      | Identified the +5 great mace "Wuiz" {freeze, rF+ Int+3 SInv
                  | Stlth+}
  4469 | D:5      | Noticed Ijyb
  4501 | D:5      | Killed Ijyb
  4520 | D:5      | Reached * piety under Makhleb
  4575 | D:5      | Noticed a hornet
  4598 | D:5      | Killed a hornet
  5483 | D:6      | Noticed Prince Ribbit
  5500 | D:6      | Killed Prince Ribbit
  5501 | D:6      | Reached skill level 10 in Unarmed Combat
  5633 | D:6      | Noticed Dowan
  5894 | D:5      | Reached XP level 9. HP: 19/71 MP: 8/8
  6147 | D:6      | Killed Dowan
  6167 | D:6      | Found a staircase to the Ecumenical Temple.
  6293 | D:6      | Noticed Duvessa
  6311 | D:6      | Killed Duvessa
  6738 | D:6      | Reached skill level 5 in Fighting
  6753 | D:6      | Reached skill level 11 in Unarmed Combat
  6761 | D:6      | Reached skill level 5 in Armour
  6761 | D:6      | Reached skill level 5 in Dodging
  6849 | D:6      | Identified the amulet of Ivvuocal {rN+ Regen+ Int+3 Stlth+}
  6927 | D:6      | Noticed Menkaure
  6933 | D:6      | Killed Menkaure
  7197 | D:6      | Found an iron altar of Okawaru.
  7531 | D:7      | Reached XP level 10. HP: 79/83 MP: 9/9
  7852 | D:7      | Noticed a two-headed ogre
  7929 | D:7      | Reached ** piety under Makhleb
  7939 | D:7      | Noticed Pikel
  7948 | D:7      | Killed Pikel
  8341 | D:7      | Killed a two-headed ogre
  8342 | D:7      | Reached skill level 12 in Unarmed Combat
  8369 | D:8      | Noticed a boulder beetle
  8387 | D:7      | Killed a boulder beetle
  8653 | D:8      | Found a sand-covered staircase.
  8659 | Ossuary  | Entered an ossuary
  8971 | D:8      | Noticed a centaur warrior
  8984 | D:8      | Noticed Maurice
  8988 | D:8      | Killed a centaur warrior
  8989 | D:8      | Identified the +7 chain mail of the Big Bang {rN+ Dex+2}
  9217 | D:8      | Killed Maurice
  9218 | D:8      | Reached XP level 11. HP: 88/92 MP: 10/10
  9755 | D:9      | Reached skill level 13 in Unarmed Combat
  9935 | D:9      | Found a radiant altar of Vehumet.
 10049 | D:9      | Found Nosunnaf's Armour Boutique.
 10077 | D:9      | Reached *** piety under Makhleb
 10118 | D:9      | Found the +5 scythe "Finisher" {speed, eviscerate}
 10128 | D:9      | Noticed a skeletal warrior
 10144 | D:9      | Slain by a skeletal warrior

Illustrated notes

Levels and vault maps discovered:
D:1:      dpeg_arrival_central, layout_basic,
          dreamdust_ecumenical_altar_angels_and_demons
D:2:      kennysheep_six_static_rooms, layout_rooms, minmay_statues_item
D:3:      minmay_octagon_keep, layout_basic, jmf_multi_god_temple,
          mainiacjoe_overflow_alcove_1
D:4:      layout_loops_ring, bloody_makhleb, gammafunk_ghost_icy
D:5:      minmay_evil_eye, layout_layer_cave, gammafunk_ghost_smash,
          nicolae_inconvenience_store, uniq_blork_the_orc, uniq_ijyb
D:6:      layout_loops_ring, kennysheep_okawaru_gauntlet,
          minmay_temple_entry_large_hall, uniq_menkaure, uniq_duvessa,
          uniq_prince_ribbit1
D:7:      layout_basic, uniq_pikel
D:8:      layout_rooms, enter_ossuary_1, dk_rats_in_the_wall, uniq_maurice
D:9:      layout_cave_pods, nicolae_vehumet_altar_sigil,
          grunt_temple_overflow_diamond, serial_shops, shop_fountains,
          minmay_guarded_unrand_finisher

Skill      XL: |  1  2  3  4  5  6  7  8  9 10 11 |
---------------+----------------------------------+-----
Unarmed Combat | 4 5 6 7 9 10 11 12 13 | 13.3
Armour         | 1 3 4 5 6 7 |  7.0
Dodging        | 3 4 5 6 7 |  7.0
Fighting       | 4 5 7 |  7.8
Throwing       | |  1.7

Action                   |  1- 3 |  4- 6 |  7- 9 | 10-12 || total
-------------------------+-------+-------+-------+-------++-------
Melee: Unarmed           |   128 |   192 |   304 |   268 ||   892
       Punch             |     2 |     8 |    12 |    16 ||    38
Throw: Throwing net      |       |     1 |     4 |     1 ||     6
       Dart              |       |       |    14 |       ||    14
Evoke: Wand              |       |       |     2 |       ||     2
  Use: Scroll            |     7 |     2 |     2 |    13 ||    24
       Potion            |       |       |     1 |     1 ||     2
 Stab: Held in net/web   |       |     1 |       |     1 ||     2
Armor: Leather armour    |     6 |       |       |       ||     6
       Scale mail        |    33 |       |       |       ||    33
       Chain mail        |    27 |    85 |    92 |   154 ||   358
Dodge: Dodged            |    61 |    72 |    91 |   146 ||   370
Block: Other             |       |       |    44 |    69 ||   113
       Reflection        |       |       |     1 |     1 ||     2
